 Dungeon Crawl Stone Soup version 0.27-a0-773-gaaee5cf45b (webtiles) character file.

Game seed: 12459447725998187449

18834 sleeves the Unseen (level 12, -8/58 HPs)
             Began as a Spriggan Transmuter on Mar 25, 2021.
             Was an Elder of Dithmenos.
             Succumbed to a tengu warrior's poison
             ... on level 11 of the Dungeon.
             The game lasted 00:43:10 (15945 turns).

sleeves the Unseen (Spriggan Transmuter)           Turns: 15945, Time: 00:43:11

Health: -8/58      AC:  4    Str:  6    XL:     12   Next: 31%
Magic:  36/36      EV: 18    Int: 19    God:    Dithmenos [****..]
Gold:   1412       SH:  5    Dex: 22    Spells: 21/31 levels left

rFire    + + .     SeeInvis +   K - +5 rapier (venom)
rCold    + . .     Faith    .   (shield restricted)
rNeg     . . .     Spirit   .   M - +0 troll leather armour
rPois    .         Reflect  +   (helmet restricted)
rElec    .         Harm     .   (no cloak)
rCorr    .         Rampage  .   (gloves unavailable)
Will     +....                  (boots unavailable)
Stlth    ++++++++++             t - amulet of reflection
HPRegen  1.19/turn              k - ring of Due Proportion {rF++ rC+ Will- MP+9 Slay+5}
MPRegen  0.25/turn              o - +6 ring of dexterity

@: lethally poisoned (-8 -> -22), wreathed by umbra, very quick
A: very small, no large weapons, unfitting armour, see invisible, speed 3
a: Renounce Religion, Shadow Step


You were on level 11 of the Dungeon.
You worshipped Dithmenos.
Dithmenos was greatly pleased with you.
You visited 3 branches of the dungeon, and saw 13 of its levels.
You also visited: Bailey.

You collected 1440 gold pieces.
You spent 28 gold pieces at shops.

Inventory:

Hand Weapons
 B - a +3 quick blade
   (You acquired it on level 8 of the Dungeon)
 H - a +0 scimitar of flaming
   (You took it off Erica on level 9 of the Dungeon)
 K - a +5 rapier of venom (weapon)
   (You took it off an orc warrior in a bailey)
Armour
 G - a +0 buckler
   (You took it off a tengu conjurer on level 9 of the Dungeon)
 I - a +2 robe of positive energy
   (You took it off Erica on level 9 of the Dungeon)
 M - a +0 troll leather armour (worn)
   (You found it on level 10 of the Dungeon)
 R - +0 acid dragon scales
   (You found it on level 11 of the Dungeon)
Jewellery
 k - the ring of Due Proportion (right hand) {rF++ rC+ Will- MP+9 Slay+5}
   (You acquired it in the Ecumenical Temple)

   [ring of magical power]

   It affects your accuracy and damage with ranged weapons and melee attacks
   (+5).
   It greatly protects you from fire.
   It protects you from cold.
   It affects your willpower, your defense against some magical effects.
   It affects your magic capacity (+9).
 l - a ring of protection from fire
   (You found it on level 4 of the Dungeon)
 o - a +6 ring of dexterity (left hand)
   (You found it on level 5 of the Dungeon)
 t - an amulet of reflection (around neck)
   (You found it on level 6 of the Dungeon)
 v - an amulet of the acrobat
   (You found it on level 7 of the Dungeon)
 y - a ring of magical power
   (You found it on level 7 of the Dungeon)
 N - a ring of protection from fire
   (You found it on level 10 of the Dungeon)
 Q - a ring of flight
   (You found it on level 11 of the Dungeon)
Wands
 g - a wand of charming (4)
   (You found it on level 7 of the Dungeon)
 j - a wand of acid (4)
   (You found it on level 3 of the Dungeon)
 w - a wand of iceblast (6)
   (You found it on level 7 of the Dungeon)
 x - a wand of flame (34)
   (You found it on level 11 of the Dungeon)
 A - a wand of digging (5)
   (You found it on level 8 of the Dungeon)
 P - a wand of random effects (16)
   (You found it on level 10 of the Dungeon)
Scrolls
 f - 6 scrolls of teleportation
 q - 3 scrolls of magic mapping {unknown}
 u - a scroll of amnesia {unknown}
 z - a scroll of silence {unknown}
 C - a scroll of torment {unknown}
 E - a scroll of acquirement
 L - 2 scrolls of vulnerability {unknown}
 O - 2 scrolls of identify
Potions
 b - a potion of flight
 c - 4 potions of curing
 d - 3 potions of heal wounds
 h - 4 potions of haste
 i - a potion of invisibility {unknown}
 m - 2 potions of magic {unknown}
 n - 2 potions of lignification {unknown}
 p - a potion of berserk rage {unknown}
 s - a potion of cancellation {unknown}
 D - 2 potions of brilliance {unknown}
 F - a potion of attraction {unknown}
 J - a potion of might {unknown}
Miscellaneous
 a - a condenser vane
   (You found it in a bailey)
 r - a lightning rod (4/4)
   (You found it on level 9 of the Dungeon)


   Skills:
 + Level 4.6 Fighting
 - Level 5.0 Short Blades
 - Level 4.0 Dodging
 + Level 16.0 Stealth
 + Level 5.0 Shields
 - Level 2.4 Unarmed Combat
 - Level 10.1 Spellcasting
 - Level 5.0 Translocations
 - Level 2.6 Transmutations
 + Level 9.0 Air Magic
 + Level 5.9 Evocations


You had 21 spell levels left.
You knew the following spells:

 Your Spells              Type           Power      Damage    Failure   Level
a - Beastly Appendage     Tmut           38%        N/A       3%          1
b - Blink                 Tloc           N/A        N/A       2%          2
c - Mephitic Cloud        Conj/Pois/Air  21%        N/A       10%         3
d - Summon Lightning Spi  Summ/Air       26%        N/A       19%         4

Your spell library contained the following spells:

 Spells                   Type           Power      Damage    Failure   Level
 Poisonous Vapours        Pois/Air       52%        N/A       2%          2
 Gell's Gravitas          Tloc           14%        N/A       4%          3
 Wereblood                Tmut           19%        N/A       6%          2
 Corona                   Hex            10%        N/A       12%         1
 Magic Dart               Conj           36%        1d4       12%         1
 Call Imp                 Summ           9%         N/A       17%         2
 Slow                     Hex            9%         N/A       17%         2
 Spider Form              Tmut/Pois      7%         N/A       21%         3
 Confusing Touch          Hex            9%         N/A       34%         3
 Conjure Flame            Conj/Fire      9%         6-21      34%         3
 Lightning Bolt           Conj/Air       13%        1d26      45%         5
 Silence                  Hex/Air        13%        N/A       45%         5
 Ice Form                 Ice/Tmut       14%        N/A       54%         4
 Petrify                  Tmut/Erth      14%        N/A       54%         4
 Blade Hands              Tmut           9%         N/A       71%         5
 Cause Fear               Hex            4%         N/A       75%         4
 Fulminant Prism          Conj/Hex       4%         3d6       75%         4
 Leda's Liquefaction      Hex/Erth       4%         N/A       75%         4
 Yara's Violent Unravell  Hex/Tmut       7%         3d5       88%         5
 Metabolic Englaciation   Hex/Ice        4%         N/A       97%         5
 Freezing Cloud           Conj/Ice/Air   10%        6-21      99%         6
 Iron Shot                Conj/Erth      4%         9d2       100%        6
 Discord                  Hex            4%         N/A       100%        8


Dungeon Overview and Level Annotations

Branches:
Dungeon (11/15)            Temple (1/1) D:6            Lair (0/6) D:9
    Orc (1/2) D:9          Bailey (visited)

Altars:
Ashenzari
Cheibriados
Dithmenos
Elyvilon
Fedhas
Gozag
Hepliaklqana
Kikubaaqudgha
Makhleb
Nemelex Xobeh
Okawaru
Qazlal
Ru
Sif Muna
Trog
Uskayaw
Vehumet
Wu Jian
Xom
Yredelemnul
Zin
The Shining One
Jiyva

Shops:
D:1 =   D:4 ?   D:9 =

Annotations:
D:2 exclusion: worm
D:11 3 runed translucent doors, Maurice


Innate Abilities, Weirdness & Mutations

You are very small and have problems with some larger weapons.
You are too small for most types of armour.
You have supernaturally acute eyesight. (SInv)
You cover ground extremely quickly. (Speed+++)


Message History

The yak is almost dead.
The yak gores you! The yak gores you.
Casting: Mephitic Cloud (dangerous; 12% risk of failure)
Confirm with . or Enter, or press ? or * to list all spells.
Aiming: Mephitic Cloud (dangerous; 12% risk of failure)
Press: ? - help, Shift-Dir - straight line, f - yak
Aim: a yak (umbra, chance to affect: 67%)
The ball explodes into a vile cloud!
The stinking cloud engulfs the yak but does no damage.
You kill the yak!
Dithmenos accepts your kill.
The yak is engulfed in noxious fumes.
The yak appears confused.
Casting: Mephitic Cloud (dangerous; 12% risk of failure)
Confirm with . or Enter, or press ? or * to list all spells.
Aiming: Mephitic Cloud (dangerous; 12% risk of failure)
Press: ? - help, Shift-Dir - straight line, f - yak
Aim: a yak (lightly wounded, umbra, chance to affect: 67%)
The ball explodes into a vile cloud!
The stinking cloud engulfs the yak but does no damage.
The yak is lightly wounded.
The yak is engulfed in noxious fumes.
The yak appears confused.
You strike the helpless yak from behind!
You impale the yak!!
You kill the yak!
Dithmenos accepts your kill.
The yak is engulfed in noxious fumes.
The yak appears confused.
You see here a yak corpse.
You puncture the yak!
The yak is moderately wounded.
The yak closely misses you.
You hit the yak.
The yak is heavily wounded.
The yak misses you. You block the yak's attack.
You puncture the yak!
The yak is poisoned.
The yak is severely wounded.
The yak gores you!
You puncture the yak!
The yak is almost dead.
The yak gores you but does no damage. The yak barely misses you.
You puncture the yak!
You kill the yak!
Dithmenos accepts your kill.
The yak seems less confused.
You block the yak's attack. The yak gores you!
Casting: Mephitic Cloud (dangerous; 12% risk of failure)
Confirm with . or Enter, or press ? or * to list all spells.
Aiming: Mephitic Cloud (dangerous; 12% risk of failure)
Press: ? - help, Shift-Dir - straight line, f - yak
Aim: a yak (moderately wounded, umbra, chance to affect: 67%)
The ball explodes into a vile cloud!
The stinking cloud engulfs the yak but does no damage.
The yak is moderately wounded.
The stinking cloud engulfs the yak but does no damage.
The yak is engulfed in noxious fumes. x2; The yak appears confused.
You barely miss the yak.
The yak is engulfed in noxious fumes.
The yak appears confused.
Really walk into that cloud of noxious fumes?
Okay, then.
The yak is engulfed in noxious fumes.
The yak appears confused.
You strike the helpless yak from behind!
You impale the yak!!
You kill the yak!
Dithmenos accepts your kill.
Really walk into that cloud of noxious fumes?
Okay, then.
Really walk into that cloud of noxious fumes?
Okay, then.
You puncture the centaur warrior zombie!
The centaur warrior zombie is heavily damaged.
The yak seems less confused.
The centaur warrior zombie hits you.
You block the centaur warrior zombie's attack.
You puncture the centaur warrior zombie!
The centaur warrior zombie is severely damaged.
The centaur warrior zombie closely misses you.
The centaur warrior zombie barely misses you.
You puncture the centaur warrior zombie!
The centaur warrior zombie is almost destroyed.
You block the centaur warrior zombie's attack.
The centaur warrior zombie misses you.
You hit the centaur warrior zombie.
The centaur warrior zombie is almost destroyed.
The centaur warrior zombie hits you.
The centaur warrior zombie closely misses you. x2
The centaur warrior zombie completely misses you.
Casting: Mephitic Cloud (dangerous; 12% risk of failure)
Confirm with . or Enter, or press ? or * to list all spells.
Aiming: Mephitic Cloud (dangerous; 12% risk of failure)
Press: ? - help, Shift-Dir - straight line, f/p - yak
Aim: a yak (moderately wounded, umbra, chance to affect: 67%)
You miscast Mephitic Cloud.
You are very lightly contaminated with residual magic.
Nothing appears to happen.
You completely miss the centaur warrior zombie.
The centaur warrior zombie is almost destroyed.
The centaur warrior zombie misses you.
The centaur warrior zombie barely misses you.
Casting: Mephitic Cloud (dangerous; 12% risk of failure)
Confirm with . or Enter, or press ? or * to list all spells.
Aiming: Mephitic Cloud (dangerous; 12% risk of failure)
Press: ? - help, Shift-Dir - straight line, f/p - yak
Aim: a yak (moderately wounded, umbra, chance to affect: 67%) That beam is likely to hit you.
Continue anyway? [Y]es or [N]o only, please.
That beam is likely to hit you.
Continue anyway?
Okay, then.
You puncture the centaur warrior zombie!
The centaur warrior zombie is almost destroyed.
The centaur warrior zombie hits you.
The centaur warrior zombie closely misses you.
You hit the centaur warrior zombie.
You destroy the centaur warrior zombie!
Dithmenos accepts your kill.
Your Evocations skill increases to level 4!
You barely miss the yak.
The yak is moderately wounded.
The yak barely misses you.
Casting: Mephitic Cloud (dangerous; 12% risk of failure)
Confirm with . or Enter, or press ? or * to list all spells.
Aiming: Mephitic Cloud (dangerous; 12% risk of failure)
Press: ? - help, Shift-Dir - straight line, f/p - yak
Aim: a yak (moderately wounded, umbra, chance to affect: 67%)
The ball explodes into a vile cloud!
The stinking cloud engulfs the yak but does no damage.
The yak is moderately wounded.
The yak is engulfed in noxious fumes.
The yak appears confused.
You catch the helpless yak completely off-guard!
You stick the yak like a pincushion!!!
You kill the yak!
Dithmenos accepts your kill.
Your magical contamination has completely faded away.
You see here a yak corpse.
You see here a yak corpse.
q - 3 scrolls labelled ULLEAK VUGULU (gained 1)
i - a metallic cyan potion Done exploring.
Done exploring.
Done exploring.
Done exploring.
Done exploring.
(D) Dungeon (T) Temple (L) Lair (O) Orcish Mines
Where to? (Enter - D:9 @ (x,y), ? - help)
A troll is nearby!
Casting: Mephitic Cloud (dangerous; 12% risk of failure)
Confirm with . or Enter, or press ? or * to list all spells.
Aiming: Mephitic Cloud (dangerous; 12% risk of failure)
Press: ? - help, Shift-Dir - straight line, f - troll
Aim: a troll (wandering, hasn't noticed you, umbra, chance to affect: 67%)
The ball explodes into a vile cloud!
The stinking cloud engulfs the troll but does no damage.
The troll shouts!
The troll is engulfed in noxious fumes.
Casting: Mephitic Cloud (dangerous; 12% risk of failure)
Confirm with . or Enter, or press ? or * to list all spells.
Aiming: Mephitic Cloud (dangerous; 12% risk of failure)
Press: ? - help, Shift-Dir - straight line, f/p - troll
Aim: a troll (noxious fumes, lightly wounded, umbra, chance to affect: 67%)
You miscast Mephitic Cloud.
You are very lightly contaminated with residual magic.
Nothing appears to happen.
The troll is engulfed in noxious fumes.
The troll appears confused.
The troll completely misses you. The troll closely misses you. x2
You strike the helpless troll from behind!
You perforate the troll like a sieve!!!
You kill the troll!
Dithmenos accepts your kill.
Your shadow now sometimes tangibly mimics your actions.
Your magical contamination has completely faded away.
Done exploring.
Done exploring.
Done exploring.
Done exploring.
Done exploring.
(D) Dungeon (T) Temple (L) Lair (O) Orcish Mines
Where to? (Enter - D:11, ? - help)
There is a stone staircase leading down here.
You climb downwards.
Found a robe.
There is a stone staircase leading up here.
m - 2 fuming brown potions (gained 1)
Found a stone staircase leading down.
You set off the alarm!
A sentinel's mark forms upon you.
Found a morningstar.
There is a stone staircase leading up here.
You climb upwards.
There is a stone staircase leading down here.
Done exploring.
Done exploring.
Done exploring.
You start waiting.
The sentinel's mark upon you fades away.
You climb downwards.
There is a stone staircase leading up here.
You now have 1304 gold pieces (gained 17).
You now have 1318 gold pieces (gained 14).
Found a stone staircase leading down.
f - 6 scrolls of teleportation (gained 1)
You now have 1339 gold pieces (gained 21). 2 gnolls and a gnoll sergeant come into view.
There are monsters nearby! 2 gnolls come into view.
A gnoll is wielding a +1 whip of draining.
The helpless gnoll fails to defend itself.
You spit the gnoll like a pig!!!!
You kill the gnoll!
Dithmenos accepts your kill.
Things that are here:
a +0 flail; a gnoll corpse The helpless gnoll sergeant fails to defend itself.
You spit the gnoll sergeant like a pig!!!
You kill the gnoll sergeant!
Dithmenos accepts your kill.
The gnoll shouts! x3
The gnoll hits you with a +0 spear! The gnoll misses you.
You puncture the gnoll!
The gnoll is severely wounded.
The gnoll hits you with a +1 whip of draining!
You feel drained. The gnoll hits you with a +0 spear.
The gnoll barely misses you.
You puncture the gnoll!
You kill the gnoll!
Dithmenos accepts your kill. You block the gnoll's attack.
The gnoll misses you.
You hit the gnoll.
The gnoll is poisoned.
The gnoll is moderately wounded.
You block the gnoll's attack.
You barely miss the gnoll.
The gnoll is moderately wounded.
The gnoll misses you. The gnoll hits you with a +0 spear.
You are too injured to fight recklessly!
You are too injured to fight recklessly!
You are too injured to fight recklessly!
You hit the gnoll.
The gnoll is poisoned.
The gnoll is lightly wounded.
Your shadow hits the gnoll with a rapier.
The gnoll closely misses you.
You hit the gnoll.
The gnoll looks as sick as possible!
The gnoll is severely wounded.
You kill the gnoll!
Dithmenos accepts your kill. You block the gnoll's attack.
You hit the gnoll.
The gnoll is almost dead.
You block the gnoll's attack.
You completely miss the gnoll.
The gnoll is almost dead.
You block the gnoll's attack.
You closely miss the gnoll.
The gnoll is almost dead.
You kill the gnoll!
Dithmenos accepts your kill.
No target in view!
Things that are here:
a +0 flail; a +0 spear; a +0 ring mail You start resting.
HP restored.
A hornet comes into view.
A hornet is nearby!
A hornet is nearby!
A hornet is nearby!
Found 24 stones.
The helpless hornet fails to defend itself.
You stick the hornet like a pincushion!!!!
You kill the hornet!
Dithmenos accepts your kill. 2 centaurs come into view.
There are monsters nearby!
There are monsters nearby!
A centaur comes into view.
The helpless centaur fails to defend itself.
You stick the centaur like a pincushion!!!!
You kill the centaur!
Dithmenos accepts your kill.
Your life force feels restored.
The helpless centaur fails to defend itself.
You skewer the centaur like a kebab!!!!
You kill the centaur!
Dithmenos accepts your kill.
Things that are here:
a +0 shortbow; 13 arrows The helpless centaur fails to defend itself.
You spit the centaur like a pig!!!!
You kill the centaur!
Dithmenos accepts your kill.
Things that are here:
a +0 shortbow; 26 arrows
Things that are here:
a +0 shortbow; 20 arrows; a centaur corpse You now have 1358 gold pieces (gained 19).
A two-headed ogre comes into view.
It is wielding a +0 giant spiked club and a +0 giant club.
A two-headed ogre is nearby!
A two-headed ogre is nearby!
An unseen horror comes into view.
Found a stone staircase leading up.
The unseen horror hits you but does no damage.
The two-headed ogre shouts in stereo!
You puncture the two-headed ogre!
The two-headed ogre is lightly wounded.
The unseen horror hits you but does no damage.
The unseen horror misses you.
The two-headed ogre hits you with a +0 giant spiked club.
The two-headed ogre closely misses you. The unseen horror hits you.
Casting: Mephitic Cloud (dangerous; 12% risk of failure)
Confirm with . or Enter, or press ? or * to list all spells.
Aiming: Mephitic Cloud (dangerous; 12% risk of failure)
Press: ? - help, Shift-Dir - straight line, f - two-headed ogre
Aim: a two-headed ogre, wielding a +0 giant spiked club and a +0 giant club (lightly wounded, umbra, chance to affect: 53%)
The ball explodes into a vile cloud!
The stinking cloud engulfs the two-headed ogre but does no damage.
The two-headed ogre is lightly wounded.
The unseen horror is engulfed in noxious fumes.
The unseen horror appears confused.
The two-headed ogre is engulfed in noxious fumes.
You hit the two-headed ogre.
The two-headed ogre is poisoned.
The two-headed ogre is moderately wounded.
The unseen horror is engulfed in noxious fumes.
The two-headed ogre is engulfed in noxious fumes.
The two-headed ogre misses you. The two-headed ogre barely misses you.
Your troll leather armour prevents you from hitting the two-headed ogre.
The two-headed ogre is moderately wounded.
The unseen horror is engulfed in noxious fumes.
The unseen horror hits the two-headed ogre.
The unseen horror is engulfed in noxious fumes.
The unseen horror appears confused.
The unseen horror is engulfed in noxious fumes.
The unseen horror barely misses the two-headed ogre.
The two-headed ogre is engulfed in noxious fumes.
The two-headed ogre appears confused.
The unseen horror is engulfed in noxious fumes. x2
The unseen horror appears confused.
You block the unseen horror's attack.
You catch the helpless unseen horror completely off-guard!
You spit the unseen horror like a pig!!!
You kill the unseen horror!
Dithmenos accepts your kill.
The two-headed ogre is engulfed in noxious fumes.
The two-headed ogre appears confused.
The two-headed ogre gestures wildly.
You hit the two-headed ogre.
The two-headed ogre looks as sick as possible!
The two-headed ogre is moderately wounded.
A two-headed ogre comes into view. It is wielding two +0 giant clubs.
You catch the helpless two-headed ogre completely off-guard!
You impale the two-headed ogre!!
The two-headed ogre looks as sick as possible!
The two-headed ogre is almost dead.
You kill the two-headed ogre!
Dithmenos accepts your kill.
Your Fighting skill increases to level 4!
You have reached level 12!
Your experience leads to an increase in your attributes!
Your base attributes are Str 6, Int 18, Dex 16.
Increase (S)trength, (I)ntelligence, or (D)exterity?
You feel clever.
Casting: Mephitic Cloud (dangerous; 11% risk of failure)
Confirm with . or Enter, or press ? or * to list all spells.
Aiming: Mephitic Cloud (dangerous; 11% risk of failure)
Press: ? - help, Shift-Dir - straight line The ball explodes into a vile cloud!
The stinking cloud engulfs the two-headed ogre but does no damage.
The two-headed ogre shouts in stereo!
The two-headed ogre is engulfed in noxious fumes.
The two-headed ogre is engulfed in noxious fumes.
The two-headed ogre appears confused.
The two-headed ogre cries.
The two-headed ogre is engulfed in noxious fumes.
The two-headed ogre appears confused.
You hit the two-headed ogre.
The two-headed ogre is poisoned.
The two-headed ogre is lightly wounded.
The two-headed ogre is engulfed in noxious fumes.
The two-headed ogre hits you with a +0 giant club!!
You emit a cloud of dark smoke.
The two-headed ogre completely misses you.
You catch the helpless two-headed ogre completely off-guard!
You stick the two-headed ogre like a pincushion!!!
The two-headed ogre is severely wounded.
The two-headed ogre closely misses you.
The two-headed ogre hits you with a +0 giant club.
The two-headed ogre grins madly.
The two-headed ogre looks more healthy.
You strike the helpless two-headed ogre from behind!
You stick the two-headed ogre like a pincushion!!!
You kill the two-headed ogre!
Dithmenos accepts your kill.
Your Evocations skill increases to level 5!
You start resting.
Magic restored.
You start resting.
HP restored.
You now have 1375 gold pieces (gained 17).
Things that are here:
a +0 giant spiked club; a +0 giant club; a two-headed ogre corpse
Things that are here:
a +0 giant club; a +0 giant club; a two-headed ogre corpse
Found a club.
You now have 1384 gold pieces (gained 9).
A wraith comes into view.
Found a trident.
Unknown command.
Okay, then.
Unknown command.
The wraith hits you! The wraith drains your vigour!
You feel yourself slow down.
You puncture the wraith!
The wraith is lightly damaged.
You block the wraith's attack.
You hit the wraith.
The wraith is moderately damaged.
The wraith hits you. The wraith drains your vigour!
You feel as though you will be slow longer.
You block the wraith's attack.
You closely miss the wraith.
The wraith is moderately damaged.
The wraith closely misses you.
You hit the wraith.
The wraith is heavily damaged.
The wraith closely misses you.
You hit the wraith.
The wraith is heavily damaged.
You block the wraith's attack. The wraith hits you!
The wraith drains your vigour!
You feel as though you will be slow longer.
You puncture the wraith!
The wraith is severely damaged.
The wraith hits you but does no damage.
You hit the wraith but do no damage.
The wraith is severely damaged.
The wraith misses you. The wraith hits you.
You hit the wraith but do no damage.
The wraith is severely damaged.
The wraith hits you! The wraith drains your vigour!
You feel as though you will be slow longer.
You are too injured to fight recklessly!
You are too injured to fight recklessly!
You are too injured to fight recklessly!
You closely miss the wraith.
The wraith is severely damaged.
You block the wraith's attack. The wraith hits you.
The wraith drains your vigour!
You feel as though you will be slow longer.
You puncture the wraith!
You destroy the wraith!
Dithmenos accepts your kill.
You start resting.
HP restored.
You feel yourself speed up.
Found 22 arrows.
x - a wand of flame (11)
You open the door.
There is an open door here.
Found a stone staircase leading up.
O - a scroll of identify Unknown command.
Found a club.
You now have 1398 gold pieces (gained 14).
Found a great sword.
A centaur warrior zombie comes into view.
Found a stone staircase leading down.
You hit the centaur warrior zombie.
The centaur warrior zombie is lightly damaged.
The centaur warrior zombie hits you but does no damage.
The centaur warrior zombie completely misses you.
You hit the centaur warrior zombie.
The centaur warrior zombie is lightly damaged.
The centaur warrior zombie misses you.
You block the centaur warrior zombie's attack.
You puncture the centaur warrior zombie!
The centaur warrior zombie is moderately damaged.
The centaur warrior zombie misses you.
The centaur warrior zombie barely misses you.
You hit the centaur warrior zombie.
The centaur warrior zombie is moderately damaged.
The centaur warrior zombie hits you but does no damage.
The centaur warrior zombie kicks you.
The centaur warrior zombie hits you but does no damage.
The centaur warrior zombie closely misses you.
You puncture the centaur warrior zombie!
You punch the centaur warrior zombie!
The centaur warrior zombie is heavily damaged.
The centaur warrior zombie barely misses you. x2
You hit the centaur warrior zombie.
The centaur warrior zombie is heavily damaged.
The centaur warrior zombie hits you. The centaur warrior zombie kicks you.
You puncture the centaur warrior zombie!
The centaur warrior zombie is severely damaged.
The centaur warrior zombie barely misses you.
The centaur warrior zombie kicks you but does no damage.
You hit the centaur warrior zombie but do no damage.
The centaur warrior zombie is severely damaged.
The centaur warrior zombie closely misses you. x2
You hit the centaur warrior zombie.
The centaur warrior zombie is severely damaged.
You block the centaur warrior zombie's attack.
The centaur warrior zombie barely misses you.
The centaur warrior zombie hits you.
The centaur warrior zombie closely misses you.
You puncture the centaur warrior zombie!
The centaur warrior zombie is severely damaged.
The centaur warrior zombie closely misses you.
The centaur warrior zombie completely misses you.
You puncture the centaur warrior zombie!
You punch the centaur warrior zombie.
The centaur warrior zombie is almost destroyed.
The centaur warrior zombie hits you but does no damage.
The centaur warrior zombie kicks you but does no damage.
You hit the centaur warrior zombie.
You destroy the centaur warrior zombie!
Dithmenos accepts your kill.
No target in view!
No target in view!
Unknown command.
Unknown command.
You now have 1412 gold pieces (gained 14).
You open the door.
There is an open door here.
There is an open door here.
L - 2 scrolls labelled BIUMNU HYDDIL (gained 1) Key pressed, stopping explore.
Found 22 stones.
An acid dragon and a zombie come into view.
A basilisk, a hydra, a freezing wraith and Maurice come into view.
Maurice is wielding a +0 dagger and carrying a wand of acid (4).
The seven-headed hydra roars!
Found 19 stones, a droning book, an onyx ring and a +6 ring of dexterity.
Okay, then.
Casting: Mephitic Cloud (dangerous; 11% risk of failure)
Confirm with . or Enter, or press ? or * to list all spells.
The spell is quite dangerous to cast (19% risk of failure)!
Continue anyway?
An electric hum fills the air.
You hit the centaur warrior zombie.
The centaur warrior zombie is lightly damaged.
The centaur warrior zombie barely misses you.
The centaur warrior zombie kicks you but does no damage.
Your lightning spire shoots out a bolt of lightning at the centaur warrior zombie!
The bolt of electricity hits the centaur warrior zombie!
You hit the centaur warrior zombie.
The centaur warrior zombie is lightly damaged.
The centaur warrior zombie hits you but does no damage.
You block the centaur warrior zombie's attack.
Your lightning spire shoots out a bolt of lightning at the centaur warrior zombie!
The bolt of electricity hits the centaur warrior zombie.
You puncture the centaur warrior zombie!
The centaur warrior zombie is moderately damaged.
The centaur warrior zombie barely misses you. x2
The centaur warrior zombie hits you.
The centaur warrior zombie barely misses you.
You puncture the centaur warrior zombie!
The centaur warrior zombie is heavily damaged.
The centaur warrior zombie hits you.
The centaur warrior zombie kicks you but does no damage.
Your troll leather armour prevents you from hitting the centaur warrior zombie.
You punch the centaur warrior zombie.
The centaur warrior zombie is heavily damaged.
The centaur warrior zombie barely misses you.
The centaur warrior zombie completely misses you.
Your lightning spire shoots out a bolt of lightning at the centaur warrior zombie!
The bolt of electricity hits the centaur warrior zombie!
You hit the centaur warrior zombie.
The centaur warrior zombie is heavily damaged.
The centaur warrior zombie closely misses you.
You block the centaur warrior zombie's attack.
Your lightning spire shoots out a bolt of lightning at the centaur warrior zombie!
The bolt of electricity hits the centaur warrior zombie!
The centaur warrior zombie barely misses your lightning spire.
The centaur warrior zombie kicks your lightning spire but does no damage.
You puncture the centaur warrior zombie!
The centaur warrior zombie is almost destroyed.
The centaur warrior zombie barely misses you.
You block the centaur warrior zombie's attack.
You puncture the centaur warrior zombie!
The centaur warrior zombie is almost destroyed.
You block the centaur warrior zombie's attack.
The centaur warrior zombie barely misses you.
You hit the centaur warrior zombie.
The centaur warrior zombie is almost destroyed.
You block the centaur warrior zombie's attack.
The centaur warrior zombie closely misses you.
You hit the centaur warrior zombie but do no damage.
The centaur warrior zombie is almost destroyed.
The centaur warrior zombie hits you.
You block the centaur warrior zombie's attack.
The centaur warrior zombie completely misses you.
The centaur warrior zombie misses you.
You puncture the centaur warrior zombie!
You destroy the centaur warrior zombie!
Dithmenos accepts your kill.
Casting: Summon Lightning Spire (quite dangerous; 19% risk of failure)
Confirm with . or Enter, or press ? or * to list all spells.
You don't know that spell.
Casting: Summon Lightning Spire (quite dangerous; 19% risk of failure)
Confirm with . or Enter, or press ? or * to list all spells.
The spell is quite dangerous to cast (19% risk of failure)!
Continue anyway?
An electric hum fills the air.
The acid dragon roars!
Maurice shouts!
You hear a shout!
Your lightning spire disappears in a puff of smoke!
Maurice casts a spell.
Maurice blinks!
A tengu warrior comes into view.
It is wielding a +3 halberd of venom, wearing a +2 scale mail of poison resistance and wearing the ring of Wenocier {Fire Int+8 Dex+4 Slay+3}.
The seven-headed hydra bites your lightning spire!
The seven-headed hydra bites your lightning spire.
Your lightning spire is destroyed!
Casting: Summon Lightning Spire (quite dangerous; 19% risk of failure)
Confirm with . or Enter, or press ? or * to list all spells.
The spell is quite dangerous to cast (19% risk of failure)!
Continue anyway?
You miscast Summon Lightning Spire.
You are very lightly contaminated with residual magic.
A chorus of moans calls out in your mind.
A nameless horror comes into view.
Your magical contamination has completely faded away.
You hit the nameless horror.
The nameless horror is moderately damaged.
The nameless horror hits you.
You feel your power leaking away.
You hit the nameless horror but do no damage.
The nameless horror is lightly damaged.
You hit the nameless horror.
The nameless horror is moderately damaged.
Your shadow hits the nameless horror with a rapier!
The nameless horror hits you.
You feel your power leaking away.
You hit the nameless horror.
The nameless horror is severely damaged.
The nameless horror completely misses you.
You hit the nameless horror.
The nameless horror is almost destroyed.
Your shadow barely misses the nameless horror.
The nameless horror closely misses you.
You hit the nameless horror.
The nameless horror is almost destroyed.
The nameless horror barely misses you.
You puncture the nameless horror!
You destroy the nameless horror!
That felt strangely unrewarding.
Magic restored.
A freezing wraith is nearby!
A freezing wraith is nearby!
A freezing wraith is nearby!
A freezing wraith is nearby!
Casting: Summon Lightning Spire (quite dangerous; 19% risk of failure)
Confirm with . or Enter, or press ? or * to list all spells.
The spell is quite dangerous to cast (19% risk of failure)!
Continue anyway?
An electric hum fills the air.
Your lightning spire shoots out a bolt of lightning at the freezing wraith!
The bolt of electricity hits the freezing wraith.
Your lightning spire shoots out a bolt of lightning at the freezing wraith!
The bolt of electricity hits the freezing wraith.
You hear an angry hiss.
Your lightning spire shoots out a bolt of lightning at the freezing wraith!
The bolt of electricity hits the freezing wraith!
Your lightning spire shoots out a bolt of lightning at the freezing wraith!
The bolt of electricity hits the freezing wraith!
The freezing wraith hits your lightning spire!
The freezing wraith freezes your lightning spire.
Your lightning spire resists.
The freezing wraith completely misses your lightning spire.
You catch the helpless freezing wraith completely off-guard!
You skewer the freezing wraith like a kebab!!!
You destroy the freezing wraith!
Dithmenos accepts your kill. The basilisk gazes at you.
You easily resist.
Your lightning spire shoots out a bolt of lightning at the basilisk!
The bolt of electricity hits the basilisk! x2
You puncture the basilisk!
The basilisk is poisoned.
The basilisk is severely wounded.
The basilisk bites you.
You puncture the basilisk!
The basilisk looks as sick as possible!
The basilisk is almost dead.
The basilisk closely misses you.
Your lightning spire shoots out a bolt of lightning at the basilisk!
The bolt of electricity hits the basilisk!
The basilisk dies!
Dithmenos accepts your kill.
A manticore comes into view.
Found a knobbly runed staff.
A manticore is nearby!
Casting: Summon Lightning Spire (quite dangerous; 19% risk of failure)
Confirm with . or Enter, or press ? or * to list all spells.
Aiming: Mephitic Cloud (dangerous; 11% risk of failure)
Press: ? - help, Shift-Dir - straight line The ball explodes into a vile cloud!
The stinking cloud engulfs the manticore but does no damage.
The manticore is engulfed in noxious fumes.
The manticore flicks its tail.
The volley of spikes misses you.
Found a runed translucent door.
Casting: Mephitic Cloud (dangerous; 11% risk of failure)
Confirm with . or Enter, or press ? or * to list all spells.
You don't know that spell.
The manticore is engulfed in noxious fumes.
The manticore appears confused.
You hit the manticore.
The manticore is lightly wounded.
You strike the helpless manticore from behind!
You impale the manticore!!
The manticore looks as sick as possible!
The manticore is almost dead.
The manticore seems less confused.
The manticore bites you!! The manticore completely misses you.
The manticore barely misses you.
You hit the manticore.
The manticore is almost dead.
You kill the manticore!
Dithmenos accepts your kill.
You start resting.
A manticore comes into view.
Casting: Mephitic Cloud (dangerous; 10% risk of failure)
Confirm with . or Enter, or press ? or * to list all spells.
Aiming: Mephitic Cloud (dangerous; 10% risk of failure)
Press: ? - help, Shift-Dir - straight line, f - manticore
Aim: a manticore (umbra, chance to affect: 58%)
The ball explodes into a vile cloud!
The stinking cloud engulfs the manticore but does no damage.
You hear a shout!
The manticore is engulfed in noxious fumes.
The manticore flicks its tail.
The volley of spikes hits you!
The barbed spikes become lodged in your body.
Casting: Mephitic Cloud (dangerous; 10% risk of failure)
Confirm with . or Enter, or press ? or * to list all spells.
You don't know that spell.
Casting: Mephitic Cloud (dangerous; 10% risk of failure)
Confirm with . or Enter, or press ? or * to list all spells.
The spell is quite dangerous to cast (19% risk of failure)!
Continue anyway?
An electric hum fills the air.
The manticore is engulfed in noxious fumes.
The barbs in your skin will harm you if you move.
Continue?
Okay, then.
Unknown command.
You puncture the manticore!
The manticore is poisoned.
The manticore is lightly wounded.
The manticore is engulfed in noxious fumes.
The manticore bites you.
* * * LOW HITPOINT WARNING * * *
You block the manticore's attack. x2
Unknown command.
You puncture the manticore!
The manticore looks as sick as possible!
The manticore is heavily wounded.
The manticore is engulfed in noxious fumes.
The manticore barely misses you. The manticore misses you.
The manticore completely misses you.
You puncture the manticore!
The manticore looks as sick as possible!
The manticore is almost dead.
Your shadow hits the manticore with a rapier.
You kill the manticore!
Dithmenos accepts your kill.
Your Stealth skill increases to level 16!
You start resting.
You carefully extract the barbed spikes from your body.
You start resting.
Your lightning spire disappears in a puff of smoke!
HP restored.
You see here a manticore corpse.
A centaur warrior zombie comes into view.
Found a ring mail.
You see here the Reference Book on Floating Conjuration.
You pick up the Reference Book on Floating Conjuration and begin reading...
You add the spells Fulminant Prism, Iron Shot and Freezing Cloud to your library.
You see here a ring of flight.
Q - a ring of flight You see here a staff of cold.
Okay, then.
Drop what? 43/52 slots (_ for help) (? for menu, Esc to quit)
Okay, then.
You see here a +0 ring mail.
Found a runed translucent door.
The cyclops shouts!
Found a wand of flame (23).
A tengu warrior comes into view.
It is wielding a +1 war axe and wearing a +2 kite shield of poison resistance.
The centaur warrior zombie hits you but does no damage.
The centaur warrior zombie closely misses you.
The tengu warrior shouts!
You puncture the centaur warrior zombie!
The centaur warrior zombie is lightly damaged.
Your shadow hits the centaur warrior zombie but does no damage.
You block the centaur warrior zombie's attack.
The centaur warrior zombie barely misses you.
You puncture the centaur warrior zombie!
The centaur warrior zombie is lightly damaged.
The centaur warrior zombie closely misses you. x2
You hit the centaur warrior zombie.
The centaur warrior zombie is moderately damaged.
The centaur warrior zombie hits you but does no damage.
The centaur warrior zombie kicks you but does no damage.
You puncture the centaur warrior zombie!
The centaur warrior zombie is moderately damaged.
The centaur warrior zombie hits you.
The centaur warrior zombie completely misses you.
You hit the centaur warrior zombie.
The centaur warrior zombie is moderately damaged.
The centaur warrior zombie barely misses you. x2
You puncture the centaur warrior zombie!
The centaur warrior zombie is heavily damaged.
The centaur warrior zombie closely misses you.
The centaur warrior zombie kicks you.
Casting: Summon Lightning Spire (quite dangerous; 19% risk of failure)
Confirm with . or Enter, or press ? or * to list all spells.
You don't know that spell.
Casting: Summon Lightning Spire (quite dangerous; 19% risk of failure)
Confirm with . or Enter, or press ? or * to list all spells.
You can't see any susceptible monsters within range! (Use Z to cast anyway.) Unknown command.
Unknown command.
Casting: Summon Lightning Spire (quite dangerous; 19% risk of failure)
Confirm with . or Enter, or press ? or * to list all spells.
You can't see any susceptible monsters within range! (Use Z to cast anyway.) Unknown command.
Press: ? - help, v - describe, . - travel
Here: a tengu warrior, wielding a +1 war axe, wearing a +0 ring mail and wearing a +2 kite shield of poison resistance (umbra)
The floor.
Unknown command.
You see here a +0 ring mail.
You see here a staff of cold.
Okay, then.
Unknown command.
Casting: Summon Lightning Spire (quite dangerous; 19% risk of failure)
Confirm with . or Enter, or press ? or * to list all spells.
The spell is quite dangerous to cast (19% risk of failure)!
Continue anyway? [Y]es or [N]o only, please.
The spell is quite dangerous to cast (19% risk of failure)!
Continue anyway? [Y]es or [N]o only, please.
The spell is quite dangerous to cast (19% risk of failure)!
Continue anyway?
An electric hum fills the air.
You see here 22 stones.
Your lightning spire shoots out a bolt of lightning at the tengu warrior!
The bolt of electricity hits the tengu warrior!
What are your orders? t - Shout!
Orders for allies: a - Attack new target. r - Retreat! s - Stop attacking. g - Guard the area. f - Follow me.
Anything else - Cancel.
Gang up on whom?
Press: ? - help, Dir - move target, f - tengu warrior
Aim: a tengu warrior, wielding a +1 war axe, wearing a +0 ring mail and wearing a +2 kite shield of poison resistance (lightly wounded, ally target, umbra) Attack!
Your lightning spire shoots out a bolt of lightning at the tengu warrior!
The bolt of electricity hits the tengu warrior.
The tengu warrior blocks your attack.
The tengu warrior is moderately wounded.
The tengu warrior hits you with a +1 war axe.
The tengu warrior completely misses you.
The tengu warrior claws you but does no damage.
The deep elf annihilator shouts!
You puncture the tengu warrior!
The tengu warrior is poisoned.
The tengu warrior is heavily wounded.
You hear a horrible gurgling sound!
Your lightning spire shoots out a bolt of lightning at the tengu warrior!
The bolt of electricity hits the centaur warrior zombie.
The bolt of electricity hits the tengu warrior.
The tengu warrior blocks your attack.
The tengu warrior is heavily wounded.
Your shadow hits the tengu warrior with a rapier.
The centaur warrior zombie hits you but does no damage.
You block the centaur warrior zombie's attack.
You closely miss the tengu warrior.
The tengu warrior is severely wounded.
The centaur warrior zombie hits you.
The centaur warrior zombie closely misses you.
Your lightning spire shoots out a bolt of lightning at the tengu warrior!
The bolt of electricity hits the tengu warrior!
The bolt of electricity hits the centaur warrior zombie!
The tengu warrior hits your lightning spire with a +1 war axe!!
The tengu warrior hits you with a +1 war axe!
The tengu warrior pecks your lightning spire but does no damage.
The tengu warrior claws your lightning spire but does no damage.
You catch the helpless tengu warrior completely off-guard!
You impale the tengu warrior!!
You kill the tengu warrior!
Dithmenos accepts your kill.
Your lightning spire shoots out a bolt of lightning at the centaur warrior zombie!
The bolt of electricity hits the centaur warrior zombie!
Your Air Magic skill increases to level 9!
You catch the helpless centaur warrior zombie completely off-guard!
You impale the centaur warrior zombie!!
You destroy the centaur warrior zombie!
Dithmenos accepts your kill.
Your Shields skill increases to level 5!
Things that are here:
a +1 war axe; a +0 ring mail; a +2 kite shield of poison resistance You see here a staff of cold.
You start resting.
Magic restored.
Found a runed translucent door.
The death knight shouts!
The kobold demonologist shouts!
x - a wand of flame (34) (gained 23 charges)
An acid dragon is nearby!
An acid dragon is nearby!
An acid dragon is nearby!
You hit the acid dragon.
The acid dragon is poisoned.
The acid dragon is lightly wounded.
You block the acid dragon's attack. The acid dragon claws you.
You hit the acid dragon but do no damage.
The acid dragon is lightly wounded.
You block the acid dragon's attack. x2
You hit the acid dragon.
The acid dragon looks even sicker.
The acid dragon is moderately wounded.
The acid dragon misses you. The acid dragon closely misses you.
You puncture the acid dragon!
The acid dragon is severely wounded.
The acid dragon closely misses you. x2
You hit the acid dragon.
The acid dragon is almost dead.
The acid dragon spits acid at you. The splash of acid hits you!
The acid corrodes you!
You are splashed with acid!
* * * LOW HITPOINT WARNING * * *
You are too injured to fight recklessly!
You closely miss the acid dragon.
The acid dragon is almost dead.
The acid dragon closely misses you. The acid dragon claws you.
* * * LOW HITPOINT WARNING * * *
You barely miss the acid dragon.
The acid dragon is almost dead.
The acid dragon bites you.
* * * LOW HITPOINT WARNING * * *
You block the acid dragon's attack.
You puncture the acid dragon!
You kill the acid dragon!
Dithmenos accepts your kill.
The acid dragon scales are intact enough to wear.
Things that are here:
+0 acid dragon scales; an acid dragon corpse R - +0 acid dragon scales You start resting.
You are no longer corroded.
You start resting.
HP restored.
You start removing your armour.
You continue taking off your +0 troll leather armour. x4
You finish taking off your +0 troll leather armour.
You start putting on your armour.
You continue putting on your +0 acid dragon scales. x5
You finish putting on your +0 acid dragon scales.
You start removing your armour.
You continue taking off your +0 acid dragon scales. x4
You finish taking off your +0 acid dragon scales.
You start putting on your armour.
You continue putting on your +0 troll leather armour. x5
You finish putting on your +0 troll leather armour.
The armour throbs as it attunes itself to your uninjured body.
Unknown command.
O - 2 scrolls of identify (gained 1)
A tengu warrior is nearby!
A tengu warrior is nearby!
A tengu warrior is nearby!
A tengu warrior is nearby!
Casting: Summon Lightning Spire (quite dangerous; 19% risk of failure)
Confirm with . or Enter, or press ? or * to list all spells.
You can't see any susceptible monsters within range! (Use Z to cast anyway.) Unknown command.
A centaur warrior simulacrum comes into view.
Press: ? - help, v - describe, . - travel
Here: a tengu warrior, wielding a +3 halberd of venom, wearing a +2 scale mail of poison resistance and wearing the ring of Wenocier {Fire Int+8 Dex+4 Slay+3} (wandering, hasn't noticed you, umbra)
The floor.
Unknown command.
Okay, then.
Okay, then.
Unknown command.
Aiming: Random Effects
Press: ? - help, Shift-Dir - straight line, f - tengu warrior
Aim: a tengu warrior, wielding a +3 halberd of venom, wearing a +2 scale mail of poison resistance and wearing the ring of Wenocier {Fire Int+8 Dex+4 Slay+3} (wandering, hasn't noticed you, umbra)
The tengu warrior resists with some effort.
Aiming: Random Effects
Press: ? - help, Shift-Dir - straight line, f/p - tengu warrior
Aim: a tengu warrior, wielding a +3 halberd of venom, wearing a +2 scale mail of poison resistance and wearing the ring of Wenocier {Fire Int+8 Dex+4 Slay+3} (umbra)
The tengu warrior twists and deforms.
Aiming: Random Effects
Press: ? - help, Shift-Dir - straight line, f/p - tengu warrior
Aim: a tengu warrior, wielding a +3 halberd of venom, wearing a +2 scale mail of poison resistance and wearing the ring of Wenocier {Fire Int+8 Dex+4 Slay+3} (misshapen and mutated, umbra)
The tengu warrior twists and deforms.
Aiming: Random Effects
Press: ? - help, Shift-Dir - straight line, f/p - tengu warrior
Aim: a tengu warrior, wielding a +3 halberd of venom, wearing a +2 scale mail of poison resistance and wearing the ring of Wenocier {Fire Int+8 Dex+4 Slay+3} (misshapen and mutated, umbra)
The tengu warrior appears confused.
The centaur warrior simulacrum misses you.
The centaur warrior simulacrum kicks you.
The centaur warrior simulacrum freezes you!
You resist.
The tengu warrior hits you with a +3 halberd of venom.
You are poisoned.
The tengu warrior pecks you. The tengu warrior closely misses you.
You strike the helpless tengu warrior from behind!
You perforate the tengu warrior like a sieve!!!
The tengu warrior is severely wounded.
Your shadow hits the tengu warrior with a rapier.
You feel extremely sick.
The centaur warrior simulacrum completely misses you.
You block the centaur warrior simulacrum's attack.
The tengu warrior hits you with a +3 halberd of venom!
* * * LOW HITPOINT WARNING * * *
You are lethally poisoned!
The tengu warrior pecks you.
* * * LOW HITPOINT WARNING * * *
The tengu warrior barely misses you.
Blink to where?
Press: ? - help, Dir - move target, p - tengu warrior
As you read the scroll of blinking, it crumbles to dust.
You die...

............# #...#
............# #...#
.<########..###...#
..# #........# ..#
#........# ..#
#..).....# ###
#........#
#..()....#
#......@.#
#........#
#........#
#........#
#........#
#........#
#..##Q...#
#..##.ยง..#
#..##Z...#


You could see a tengu warrior (confused, misshapen).

Vanquished Creatures
  A boulder beetle (D:8)
  Erica (D:9)
  2 tengu warriors
  A centaur warrior (D:9)
  4 two-headed ogres
  A wizard (D:9)
  3 orc knights (Bailey)
  3 manticores
  3 unseen horrors
  A komodo dragon (D:9)
  A tengu conjurer (D:9)
  A freezing wraith (D:11)
  2 trolls (D:10)
  Prince Ribbit (D:9)
  Grinder (D:5)
  A hornet (D:11)
  A slime creature (D:9)
  2 shadows
  A wraith (D:11)
  A nameless horror (D:11)
  9 yaks (D:10)
  2 steam dragons (D:8)
  Menkaure (D:5)
  2 acid dragons
  A water moccasin (D:8)
  2 ice beasts (D:6)
  A swamp drake (D:9)
  14 orc warriors
  2 black bears
  2 necrophages
  An ogre (D:9)
  5 centaurs
  A kobold brigand (D:9)
  A gnoll sergeant (D:11)
  A wyvern zombie (D:8)
  A wyvern skeleton (D:7)
  3 scorpions
  A killer bee (D:9)
  13 wights
  3 howler monkeys
  A bullfrog zombie (D:6)
  9 centaur zombies
  6 orc priests
  A centaur skeleton (D:7)
  4 hounds
  4 bullfrog skeletons
  3 orc wizards
  A killer bee zombie (D:7)
  A hound zombie (D:5)
  A hound skeleton (D:8)
  8 gnolls
  7 adders
  A white imp (D:5)
  An adder skeleton (D:2)
  A worm (D:2)
  2 dart slugs
  35 orcs
  7 bats
  10 endoplasms
  2 giant cockroaches
  2 goblins (D:2)
  6 hobgoblins
  2 jackals (D:2)
  2 quokkas (D:1)
  5 ball pythons
  4 frilled lizards
  8 kobolds
  3 rats
235 creatures vanquished.

Vanquished Creatures (collateral kills)
  A basilisk (D:11)
  2 killer bees (D:9)
3 creatures vanquished.

Vanquished Creatures (others)
  A killer bee (D:9)
  An orc wizard (D:9)
  29 plants
31 creatures vanquished.

Grand Total: 269 creatures vanquished

Notes
Turn   | Place    | Note
-------+----------+-------------------------------------------
     0 | D:1      | sleeves the Spriggan Transmuter began the quest for the
                  | Orb.
     0 | D:1      | Reached XP level 1. HP: 9/9 MP: 5/5
   216 | D:1      | HP: 3/9 [hobgoblin (6)]
   218 | D:1      | Reached skill level 1 in Stealth
   417 | D:1      | Reached skill level 3 in Dodging
   594 | D:1      | HP: 3/9 [kobold/+0 whip (6)]
   919 | D:1      | Reached XP level 2. HP: 9/14 MP: 4/6
  1055 | D:1      | Found Qiemoat's Jewellery Shoppe.
  1061 | D:1      | Reached skill level 2 in Stealth
  1971 | D:2      | HP: 7/14 [jackal (2)]
  2177 | D:3      | HP: 7/14 [hobgoblin (4)]
  2357 | D:3      | Reached XP level 3. HP: 17/17 MP: 6/8
  2430 | D:2      | Reached skill level 3 in Stealth
  2602 | D:2      | Found an iron altar of Okawaru.
  2612 | D:2      | Reached skill level 4 in Dodging
  2809 | D:2      | HP: 6/17 [goblin/+0 dagger (4)]
  3065 | D:2      | Reached skill level 1 in Short Blades
  3101 | D:2      | Found a hide-covered altar of Uskayaw.
  3365 | D:2      | Reached XP level 4. HP: 19/21 MP: 9/9
  3476 | D:3      | Reached skill level 4 in Stealth
  3497 | D:3      | HP: 10/21 [adder (2)]
  3638 | D:3      | Found a glowing silver altar of Zin.
  3675 | D:3      | Reached skill level 2 in Short Blades
  3939 | D:3      | Found a basalt altar of Yredelemnul.
  3996 | D:3      | Found a white marble altar of Elyvilon.
  4246 | D:4      | HP: 8/21 [hound (3)]
  4254 | D:4      | HP: 5/21 [hound (3)]
  4562 | D:4      | Reached skill level 5 in Stealth
  4629 | D:4      | Noticed a wraith
  4675 | D:4      | Found Zemiahag's Magic Scroll Shoppe.
  4684 | D:4      | Bought a scroll of identify for 28 gold pieces
  4807 | D:4      | Noticed a black bear
  4822 | D:4      | Reached XP level 5. HP: 21/25 MP: 8/10
  4854 | D:4      | Killed a black bear
  4855 | D:4      | Reached skill level 3 in Short Blades
  4855 | D:4      | Reached skill level 6 in Stealth
  4883 | D:4      | Found a broken altar of Ashenzari.
  4961 | D:4      | Noticed a phantom
  5080 | D:5      | Entered Level 5 of the Dungeon
  5082 | D:5      | Found a shimmering blue altar of Sif Muna.
  5083 | D:5      | Noticed Menkaure
  5113 | D:5      | Found a sacrificial altar of Ru.
  5142 | D:5      | HP: 8/25 [scorpion (10)]
  5657 | D:5      | Reached XP level 6. HP: 25/29 MP: 9/11
  5743 | D:5      | Identified a scroll of acquirement
  5754 | D:5      | Reached skill level 4 in Short Blades
  5806 | D:5      | Found a sparkling altar of Nemelex Xobeh.
  6011 | D:5      | Found an ornate altar of the Wu Jian Council.
  6398 | D:6      | Reached skill level 7 in Stealth
  6785 | D:6      | Found a staircase to the Ecumenical Temple.
  6792 | D:6      | Reached XP level 7. HP: 32/32 MP: 12/12
  6833 | D:6      | Reached skill level 5 in Short Blades
  6833 | D:6      | Reached skill level 8 in Stealth
  6951 | D:6      | HP: 11/32 [wight/+0 long sword (12)]
  7293 | Temple   | Entered the Ecumenical Temple
  7395 | Temple   | Learned a level 2 spell: Blink
  7399 | Temple   | Learned a level 3 spell: Mephitic Cloud
  7528 | Temple   | Acquired the ring of Due Proportion {rF++ rC+ Will- MP+9
                  | Slay+5}
  7538 | Temple   | Became a worshipper of Dithmenos the Shadowed
  7662 | D:6      | Found a snail-covered altar of Cheibriados.
  7759 | D:6      | Reached skill level 3 in Spellcasting
  7759 | D:6      | Reached skill level 1 in Translocations
  7765 | D:6      | HP: 16/32 [wight/+1 mace (9)]
  7778 | D:6      | Reached skill level 1 in Air Magic
  7778 | D:6      | HP: 16/32 [centaur zombie (1)]
  7780 | D:6      | Reached skill level 2 in Translocations
  8062 | D:6      | Reached skill level 9 in Stealth
  8228 | D:6      | HP: 15/32 [ice beast (4)]
  8434 | D:6      | Reached skill level 4 in Spellcasting
  8434 | D:6      | Reached skill level 3 in Translocations
  8434 | D:6      | Reached skill level 2 in Air Magic
  8463 | D:5      | Killed Menkaure
  8464 | D:5      | Reached XP level 8. HP: 37/37 MP: 15/15
  8501 | D:5      | Noticed Grinder
  8508 | D:5      | Killed Grinder
  8509 | D:5      | Reached skill level 4 in Translocations
  9251 | D:7      | Reached skill level 5 in Spellcasting
  9316 | D:7      | Reached skill level 10 in Stealth
  9316 | D:7      | Reached skill level 5 in Translocations
  9316 | D:7      | Reached skill level 3 in Air Magic
  9848 | D:7      | Reached skill level 6 in Spellcasting
 10022 | D:8      | Reached skill level 4 in Air Magic
 10026 | D:8      | Identified the +5 chain mail of Dogma {rF+ Str+4 Int+4}
 10039 | D:8      | Reached * piety under Dithmenos
 10040 | D:8      | Reached skill level 11 in Stealth
 10040 | D:8      | Reached XP level 9. HP: 40/40 MP: 19/19
 10050 | D:8      | Noticed a two-headed ogre
 10283 | D:8      | Acquired a +3 quick blade
 10584 | D:8      | Reached skill level 7 in Spellcasting
 10678 | D:8      | Found a burning altar of Makhleb.
 10749 | D:8      | HP: 16/40 [two-headed ogre/+0 giant spiked club (12)]
 10754 | D:8      | Killed a two-headed ogre
 10755 | D:8      | Reached skill level 12 in Stealth
 10755 | D:8      | Reached skill level 8 in Spellcasting
 10755 | D:8      | Reached skill level 5 in Air Magic
 11069 | D:9      | Noticed a boulder beetle
 11097 | D:9      | Noticed Prince Ribbit
 11104 | D:9      | Killed Prince Ribbit
 11115 | D:9      | Noticed a tengu warrior
 11349 | D:9      | Noticed a centaur warrior
 11349 | D:9      | Noticed a tengu conjurer
 11352 | D:9      | Killed a centaur warrior
 11353 | D:9      | Reached skill level 13 in Stealth
 11353 | D:9      | Reached skill level 6 in Air Magic
 11353 | D:9      | Reached XP level 10. HP: 44/44 MP: 23/23
 11354 | D:9      | Reached skill level 9 in Spellcasting
 11405 | D:9      | Noticed Erica
 11407 | D:9      | Found a flagged portal.
 11412 | D:9      | Killed Erica
 11413 | D:9      | Reached skill level 1 in Shields
 11434 | Bailey   | Entered a bailey
 11435 | Bailey   | Noticed an orc knight
 11436 | Bailey   | Noticed an orc knight
 11437 | Bailey   | Killed an orc knight
 11447 | Bailey   | Reached ** piety under Dithmenos
 11456 | Bailey   | Noticed an orc knight
 11468 | Bailey   | HP: 12/44 [orc warrior/+0 halberd (13)]
 11471 | Bailey   | Reached skill level 2 in Shields
 11471 | Bailey   | Reached skill level 7 in Air Magic
 11478 | Bailey   | Killed an orc knight
 11479 | Bailey   | Reached skill level 14 in Stealth
 11518 | Bailey   | HP: 17/44 [orc/+0 trident (1)]
 11747 | Bailey   | Killed an orc knight
 11748 | Bailey   | Reached skill level 10 in Spellcasting
 11756 | Bailey   | Found the +6 lightning scales {swift rElec}
 11763 | Bailey   | Identified the Incunabulum of Air and Curses
 12133 | D:8      | Killed a boulder beetle
 12134 | D:8      | Reached skill level 1 in Fighting
 12134 | D:8      | Reached XP level 11. HP: 47/49 MP: 26/26
 12273 | D:9      | Reached skill level 3 in Shields
 12306 | D:9      | Noticed a wizard
 12307 | D:9      | HP: 22/50 [tengu warrior/+0 war axe (6)]
 12314 | D:9      | HP: 17/50 [wizard/+1 dagger of draining (3)]
 12316 | D:9      | Killed a wizard
 12317 | D:9      | Reached skill level 2 in Fighting
 12935 | D:9      | HP: 23/51 [orc priest/divine providence (15)]
 13006 | D:9      | HP: 23/51 [ogre/+0 giant spiked club (11)]
 13284 | D:9      | Found a staircase to the Orcish Mines.
 13418 | D:9      | Found a staircase to the Lair.
 13430 | D:9      | Killed a tengu warrior
 13430 | D:9      | Reached *** piety under Dithmenos
 13431 | D:9      | Reached skill level 15 in Stealth
 13431 | D:9      | Reached skill level 8 in Air Magic
 13431 | D:9      | Reached skill level 1 in Evocations
 13484 | D:9      | Learned a level 4 spell: Summon Lightning Spire
 13490 | D:9      | Found Rolerill's Jewellery Shop.
 13623 | Orc:1    | Entered Level 1 of the Orcish Mines
 13626 | Orc:1    | Noticed an orc warlord
 13636 | Orc:1    | HP: 15/51 [orc warrior/+0 glaive[an orc warlord] (24)]
 13648 | Orc:1    | Noticed a two-headed ogre
 13655 | Orc:1    | HP: 10/51 [orc warrior/+0 hand axe[an orc warlord] (7)]
 13934 | D:10     | Entered Level 10 of the Dungeon
 13947 | D:10     | Reached skill level 2 in Evocations
 14055 | D:10     | Reached skill level 3 in Fighting
 14168 | D:10     | Noticed a two-headed ogre
 14185 | D:10     | Killed a two-headed ogre
 14186 | D:10     | Reached skill level 4 in Shields
 14250 | D:10     | Reached skill level 3 in Evocations
 14263 | D:10     | HP: 24/52 [yak (15)]
 14276 | D:10     | HP: 25/52 [troll (12)]
 14296 | D:10     | Identified the +5 leather armour "Qovvyesu" {rN+}
 14708 | D:10     | Reached skill level 4 in Evocations
 14795 | D:10     | Reached **** piety under Dithmenos
 15053 | D:11     | Noticed a two-headed ogre
 15070 | D:11     | Noticed a two-headed ogre
 15071 | D:11     | Killed a two-headed ogre
 15072 | D:11     | Reached skill level 4 in Fighting
 15072 | D:11     | Reached XP level 12. HP: 58/58 MP: 27/27
 15095 | D:11     | Killed a two-headed ogre
 15096 | D:11     | Reached skill level 5 in Evocations
 15464 | D:11     | Noticed a seven-headed hydra
 15464 | D:11     | Noticed Maurice
 15503 | D:11     | Identified the ring of Wenocier {Fire Int+8 Dex+4 Slay+3}
 15503 | D:11     | Noticed a tengu warrior
 15664 | D:11     | Found a runed translucent door.
 15676 | D:11     | HP: 29/58 [manticore (5)]
 15679 | D:11     | Reached skill level 16 in Stealth
 15705 | D:11     | Identified the Reference Book on Floating Conjuration
 15711 | D:11     | Found a runed translucent door.
 15712 | D:11     | Noticed a centaur warrior
 15715 | D:11     | Noticed a tengu warrior
 15734 | D:11     | Noticed a six-headed hydra
 15737 | D:11     | Noticed a deep elf annihilator
 15740 | D:11     | Killed a tengu warrior
 15741 | D:11     | Reached skill level 9 in Air Magic
 15742 | D:11     | Reached skill level 5 in Shields
 15753 | D:11     | Found a runed translucent door.
 15753 | D:11     | Noticed a boulder beetle
 15754 | D:11     | Noticed a death knight
 15800 | D:11     | HP: 29/58 [acid (12)]
 15944 | D:11     | HP: 21/58 [poisoned by a tengu warrior]
 15944 | D:11     | HP: 8/58 [tengu warrior/+3 halberd of venom (13)]
 15945 | D:11     | Succumbed to a tengu warrior's poison

Illustrated notes

Levels and vault maps discovered:
D:1:      psy_arrival_whirlpool, layout_basic, serial_shops, shop
D:2:      layout_basic, okawaru_metal_pillars_1_2, lemuel_round_altar,
          kennysheep_cross_room, minmay_misc_feat_chi, grunt_decor_one_mirror
D:3:      layout_rooms, kennysheep_ying_yang, zin_academy, roderic_lattice_a,
          ebering_dispersal_statue_hall
D:4:      layout_rooms, lemuel_crystal_altar, serial_shops, shop_statue,
          serial_bayou_pond_d
D:5:      layout_loops_ring, lemuel_doored_altar,
          nicolae_ru_sacrificial_ziggurat, nicolae_sif_muna_condensation,
          lemuel_coloured_pillars_altar, uniq_menkaure, uniq_grinder
D:6:      layout_loops_ring, general_overflow_altar, temple_fountains
D:7:      layout_loops_ring
D:8:      layout_rooms, makhleb_blood_cavern_becter
D:9:      minmay_tri_box, layout_long_grid, david_lair_shrubbed, erik_orc_1,
          serial_shops, kennysheep_mini_moat, enter_bailey_2, uniq_erica,
          uniq_prince_ribbit1
D:10:     minmay_angry_zag, layout_loops_ring
D:11:     minmay_the_grid_triangle_9x9_recursive_2_mashed
          [minmay_the_grid_triangle_9x9_prize_schism,
          minmay_the_grid_triangle_9x9_from_above,
          minmay_the_grid_triangle_9x9_fully_insulated_deathbox,
          minmay_the_grid_triangle_9x9_limited_checkers], layout_stronghold,
          uniq_maurice
Temple:   pf_slimified_temple
Orc:1:    layout_diamond_mine

Skill      XL: |  1  2  3  4  5  6  7  8  9 10 11 12 |
---------------+-------------------------------------+-----
Stealth        | 1 2 3 5 6 7 9 11 13 14 15 16 | 16.0
Dodging        | 3 4 |  4.0
Short Blades   | 1 2 3 4 5 |  5.0
Spellcasting   | 4 6 8 10 | 10.1
Translocations | 3 5 |  5.0
Air Magic      | 2 4 6 7 8 9 |  9.0
Shields        | 2 4 5 |  5.0
Fighting       | 1 4 |  4.6
Evocations     | 4 5 |  5.9
Unarmed Combat | |  2.4
Transmutations | |  2.6

Action                   |  1- 3 |  4- 6 |  7- 9 | 10-12 || total
-------------------------+-------+-------+-------+-------++-------
Melee: Unarmed           |   122 |       |       |       ||   122
       Kick              |    26 |    24 |    44 |     6 ||   100
       Headbutt          |    18 |    17 |    20 |     8 ||    63
       Punch             |     2 |       |     1 |     7 ||    10
       Dagger            |    54 |   127 |   194 |    24 ||   399
       Rapier            |       |       |       |   274 ||   274
 Cast: Beastly Appendage |    33 |    16 |    17 |     3 ||    69
       Mephitic Cloud    |       |       |     2 |    67 ||    69
       Blink             |       |       |       |     1 ||     1
       Summon Lightning  |       |       |       |     5 ||     5
Evoke: Wand              |       |       |     5 |    10 ||    15
  Use: Scroll            |       |     6 |     3 |     2 ||    11
       Potion            |       |     1 |       |       ||     1
 Stab: Sleeping          |     9 |    11 |    26 |    17 ||    63
       Confused          |       |       |     1 |    26 ||    27
       Distracted        |       |       |       |     5 ||     5
Armor: Robe              |    27 |     8 |     9 |     5 ||    49
       Troll leather arm |       |       |       |    29 ||    29
Dodge: Dodged            |   136 |    94 |   106 |   187 ||   523
Block: Other             |       |       |    13 |    61 ||    74
       Reflection        |       |       |     1 |       ||     1

Table legend: (Time is in decaauts)
 A = Elapsed time spent in this place.
 B = Non-inter-level travel time spent in this place.
 C = Inter-level travel time spent in this place.
 D = Time resting spent in this place.
 E = Time spent auto-exploring this place.
 F = Levels seen in this place.
 G = Mean time per level.
                   A        B        C        D        E       F      G
               +--------+--------+--------+--------+--------+-----+--------+
         Total |  12398 |  11935 |    463 |   3247 |   5903 |  14 |  885.6 |
       Dungeon |  11819 |  11366 |    453 |   2932 |   5829 |  11 | 1074.5 |
        Temple |    210 |    200 |     10 |    121 |     50 |   1 |  210.0 |
  Orcish Mines |     26 |     26 |      0 |      0 |      0 |   1 |   26.0 |
        Bailey |    342 |    342 |      0 |    194 |     23 |   1 |  342.0 |
               +--------+--------+--------+--------+--------+-----+--------+

Top non-repeatable levels by time:
     D:6: 1671 daAuts
     D:9: 1580 daAuts
     D:2: 1413 daAuts
     D:1: 1358 daAuts
     D:3: 916 daAuts
     D:8: 896 daAuts
     D:7: 889 daAuts
     D:4: 874 daAuts
    D:11: 792 daAuts
     D:5: 785 daAuts
    D:10: 640 daAuts
  Bailey: 342 daAuts
  Temple: 210 daAuts
   Orc:1: 26 daAuts
